Login

Mariners vs Warheads

Created - January 21, 2024 at 12:30

Goals
1 2 3 T
Mariners 1 0 1 2
Warheads 1 0 2 3
Shots
1 2 3 T
Mariners 12 6 11 29
Warheads 9 10 12 31

GoalsPenalties
1st period
1. Mariners , James van Riemsdyk 5 (Mats Zuccarello 10, Logan Stanley 3) at 7:39
2. Warheads , Lawson Crouse 5 (Jeremy Lauzon 8, Lucas Raymond 9) at 12:57
No Penalty
2nd period
No Goal
No Penalty
3rd period
3. Warheads , Mitchell Marner 8 (Brock Knuckledunker 15, Jack McBain 3) at 6:23 (PP)
4. Warheads , Timothy Liljegren 2 (Nicolas Roy 15, Jake Walman 9) at 10:44
5. Mariners , Ryan Graves 6 (Adrian Kempe 17, Anze Kopitar 23) at 18:33
Brandon Montour (GDA) for Tripping (Minor) at 4:24
Brandon Montour (GDA) for Tripping (Minor) at 8:31
Anze Kopitar (GDA) for Slashing (Minor) at 10:57
Goalie Stats
Anton Forsberg (GDA), 28 saves from 31 shots - (0.903), L, 1-3-0, 58:54 minutes
Logan Thompson (WAR), 27 saves from 29 shots - (0.931), W, 17-17-4, 60:00 minutes
3 StarsOfficial
1 - Ryan Graves (GDA)
2 - Mitchell Marner (WAR)
3 - Lawson Crouse (WAR)
Referees : Unknown
Linesman : Unknown
Game Note
No Game Note
Finance
Level 1 -- Attendance: 4526 (75.43%) -- Ticket Income $452,600
Level 2 -- Attendance: 4142 (82.84%) -- Ticket Income $248,520
Level 3 -- Attendance: 1682 (84.10%) -- Ticket Income $58,870
Level 4 -- Attendance: 3117 (77.93%) -- Ticket Income $77,925
Luxury Box -- Attendance: 959 (95.90%) -- Ticket Income $191,800
Game was played at the COS Torwar.
Total Attendance: 14426 (80.14%)
Total Ticket Income: $1,029,715
Other Income: $411,886
Total Income: $1,441,601



Team Name Goals Shots Shots Attemp Shots Blocked PIM HIT PP PK FO%
Mariners 2296896240 / 0 (0.00%147%
Warheads 33172110131 / 3 (33%)053%

Mariners
Player Name POS G A P +/- PIM HIT SHT SB MP PP MP PP SHT PK MP PK SHT FO% FOT
Adrian KempeC/LW/RW0110064018:260:0002:1100% 0
Anze KopitarC0110213017:330:0001:19060% 25
Brady SkjeiD000-2010219:410:0002:3600% 0
Brandon MontourD000-2410217:030:0000:0000% 0
Ethan BearD000001006:260:0000:0000% 0
Filip ChytilC/LW0000001016:430:0000:00042% 12
James van RiemsdykLW/RW1010002116:430:0000:00033% 3
Jeff SkinnerLW0000004016:150:0000:0000% 1
Jonatan BerggrenC/LW/RW000001006:040:0000:0000% 0
Logan StanleyD0111010016:540:0000:0000% 0
Marc StaalD0001021016:590:0003:2100% 0
Mats ZuccarelloLW/RW0110023017:120:0000:0000% 1
Mika ZibanejadC0000004024:220:0003:46042% 26
Nicholas PaulC/LW000001106:560:0000:52029% 7
Nikita ZaitsevD0001011119:590:0002:3600% 0
Patrik LaineLW/RW0000002015:010:0000:000100% 3
Ricky CumalotLW/RW0000041018:470:0003:4610% 0
Ryan GravesD1011022322:560:0003:2100% 0
Warheads
Player Name POS G A P +/- PIM HIT SHT SB MP PP MP PP SHT PK MP PK SHT FO% FOT
Andrew CoppC/LW/RW000000009:020:0000:00050% 2
Brock KnuckledunkerC/LW0110003017:153:2000:00042% 19
Cam FowlerD000-1000220:252:3700:0000% 0
Damon SeversonD000000005:430:0000:0000% 0
Ilya MikheyevLW/RW0000002015:400:0000:0000% 0
Jack McBainC/LW0110011117:153:2000:0000% 2
Jacob MiddletonD0001020017:353:2000:0000% 0
Jake WalmanD0110002216:170:0000:0000% 0
Jeff CarterC/RW000000209:020:0000:00050% 14
Jeremy LauzonD0111022123:183:2010:0000% 0
John MarinoD000-1020120:252:3700:0000% 0
Lawson CrouseLW/RW1010012018:362:3700:000100% 2
Lucas RaymondRW0110022018:362:3700:0000% 1
Lukas ReichelLW/RW0000010115:070:0000:000100% 1
Mitchell MarnerRW10100011325:443:2030:0000% 1
Nicolas RoyC/LW/RW0110020015:070:0000:00067% 18
Robert ThomasC/RW0000002018:362:3710:00056% 18
Timothy LiljegrenD1010002016:170:0000:0000% 0

Mariners

5 vs 5 Forward
Line #Left WingCenterRight WingPHYDFOFWanted %Time %Time Play
1Ricky CumalotMika ZibanejadPatrik Laine1223027%14:22
2Jeff SkinnerAnze KopitarAdrian Kempe1222830%16:15
3Mats ZuccarelloFilip ChytilJames van Riemsdyk1222631%16:43
4Jonatan BerggrenNicholas PaulMika Zibanejad1221611%6:04
5 vs 5 Defense
Line #DefenseDefensePHYDFOFWanted %Time %Time Play
1Ryan GravesMarc Staal1223026%13:38
2Nikita ZaitsevLogan Stanley1222832%16:54
3Brady SkjeiBrandon Montour1222631%16:26
4Ethan BearRyan Graves1221612%6:26
Power Play Forward
Line #Left WingCenterRight WingPHYDFOFWanted %Time %Time Play
1Ricky CumalotMika ZibanejadPatrik Laine113550%0:00
2Jeff SkinnerAnze KopitarAdrian Kempe113450%0:00
Power Play Defense
Line #DefenseDefensePHYDFOFWanted %Time %Time Play
1Brady SkjeiBrandon Montour113550%0:00
2Ryan GravesMarc Staal113450%0:00
Penalty Kill 4 Players Forward
Line #CenterWingPHYDFOFWanted %Time %Time Play
1Mika ZibanejadRicky Cumalot1225563%3:46
2Anze KopitarAdrian Kempe1224537%2:11
Penalty Kill 4 Players Defense
Line #DefenseDefensePHYDFOFWanted %Time %Time Play
1Ryan GravesMarc Staal1225556%3:21
2Nikita ZaitsevBrady Skjei1224544%2:36
Penalty Kill 3 Players
Line #WingPHYDFOFWanted %Time %Time PlayDefenseDefensePHYDFOFWanted %Time %Time Play
1Mika Zibanejad131550%0:00 Ryan GravesMarc Staal131550%0:00
2Anze Kopitar131450%0:00 Nikita ZaitsevBrady Skjei131450%0:00
4 vs 4 Forward
Line #CenterWingPHYDFOFWanted %Time %Time Play
1Mika ZibanejadRicky Cumalot122550%0:00
2Patrik LaineJeff Skinner122450%0:00
4 vs 4 Defense
Line #DefensePHYDFOFWanted %Time %Time Play
1Ryan GravesMarc Staal122550%0:00
2Nikita ZaitsevLogan Stanley122450%0:00
Last Minutes Offensive
Left WingCenterRight WingDefenseDefense
Ricky CumalotMika ZibanejadPatrik LaineBrady SkjeiBrandon Montour
Last Minutes Defensive
Left WingCenterRight WingDefenseDefense
Ricky CumalotMika ZibanejadPatrik LaineRyan GravesMarc Staal
Time
Total ForwardTotal DefenseLast Minutes OffensiveLast Minutes Defensive
60:00 60:00 0:390:00
Extra Forwards
Normal PowerPlayPenalty Kill
Mats Zuccarello, Filip Chytil, Nicholas PaulMats Zuccarello, Filip ChytilNicholas Paul
Extra Defensemen
Normal PowerPlayPenalty Kill
Brady Skjei, Brandon Montour, Ethan BearBrady Skjei, Brandon MontourEthan Bear
Penalty Shots
Mika Zibanejad, Ricky Cumalot, Patrik Laine, Jeff Skinner, Anze Kopitar
Goalie
Anton Forsberg, Linus Ullmark
Custom OT Lines Forwards
Mika Zibanejad, Ricky Cumalot, Patrik Laine, Jeff Skinner, Anze Kopitar, Adrian Kempe, Mats Zuccarello, Filip Chytil, Nicholas Paul, James van Riemsdyk
Custom OT Lines Defensemen
Ryan Graves, Marc Staal, Nikita Zaitsev, Logan Stanley, Brady Skjei
Scratches
Jesper Fast (Healthy), Erik Brannstrom (Healthy)

Warheads

5 vs 5 Forward
Line #Left WingCenterRight WingPHYDFOFWanted %Time %Time Play
1Jack McBainBrock KnuckledunkerMitchell Marner1223025%13:16
2Lawson CrouseRobert ThomasLucas Raymond1222830%15:59
3Lukas ReichelNicolas RoyIlya Mikheyev1222628%15:07
4Andrew CoppJeff CarterMitchell Marner1221617%9:02
5 vs 5 Defense
Line #DefenseDefensePHYDFOFWanted %Time %Time Play
1Jeremy LauzonJacob Middleton1223025%13:36
2John MarinoCam Fowler1222833%17:48
3Jake WalmanTimothy Liljegren1222630%16:17
4Damon SeversonJeremy Lauzon1221611%5:43
Power Play Forward
Line #Left WingCenterRight WingPHYDFOFWanted %Time %Time Play
1Jack McBainBrock KnuckledunkerMitchell Marner1225556%3:20
2Lawson CrouseRobert ThomasLucas Raymond1224544%2:37
Power Play Defense
Line #DefenseDefensePHYDFOFWanted %Time %Time Play
1Jeremy LauzonJacob Middleton1225556%3:20
2John MarinoCam Fowler1224544%2:37
Penalty Kill 4 Players Forward
Line #CenterWingPHYDFOFWanted %Time %Time Play
1Mitchell MarnerBrock Knuckledunker122550%0:00
2Robert ThomasJack McBain122450%0:00
Penalty Kill 4 Players Defense
Line #DefenseDefensePHYDFOFWanted %Time %Time Play
1Jeremy LauzonJacob Middleton122550%0:00
2John MarinoCam Fowler122450%0:00
Penalty Kill 3 Players
Line #WingPHYDFOFWanted %Time %Time PlayDefenseDefensePHYDFOFWanted %Time %Time Play
1Mitchell Marner122550%0:00 Jeremy LauzonJacob Middleton122550%0:00
2Brock Knuckledunker122450%0:00 John MarinoCam Fowler122450%0:00
4 vs 4 Forward
Line #CenterWingPHYDFOFWanted %Time %Time Play
1Mitchell MarnerBrock Knuckledunker122550%0:00
2Robert ThomasJack McBain122450%0:00
4 vs 4 Defense
Line #DefensePHYDFOFWanted %Time %Time Play
1Jeremy LauzonJacob Middleton122550%0:00
2John MarinoCam Fowler122450%0:00
Last Minutes Offensive
Left WingCenterRight WingDefenseDefense
Jack McBainBrock KnuckledunkerMitchell MarnerJeremy LauzonJacob Middleton
Last Minutes Defensive
Left WingCenterRight WingDefenseDefense
Jack McBainBrock KnuckledunkerMitchell MarnerJeremy LauzonJacob Middleton
Time
Total ForwardTotal DefenseLast Minutes OffensiveLast Minutes Defensive
60:00 60:00 0:000:39
Extra Forwards
Normal PowerPlayPenalty Kill
Lukas Reichel, Nicolas Roy, Ilya MikheyevLukas Reichel, Nicolas RoyIlya Mikheyev
Extra Defensemen
Normal PowerPlayPenalty Kill
Jake Walman, Timothy Liljegren, Damon SeversonJake Walman, Timothy LiljegrenDamon Severson
Penalty Shots
Mitchell Marner, Brock Knuckledunker, Robert Thomas, Jack McBain, Lucas Raymond
Goalie
Logan Thompson, Adin Hill
Custom OT Lines Forwards
Mitchell Marner, Brock Knuckledunker, Robert Thomas, Jack McBain, Lucas Raymond, Lawson Crouse, Lukas Reichel, Nicolas Roy, Ilya Mikheyev, Jeff Carter
Custom OT Lines Defensemen
Jeremy Lauzon, Jacob Middleton, John Marino, Cam Fowler, Jake Walman
Scratches
Jordan Greenway (Healthy), Radek Faksa (Healthy)


Play-by-Play

1st period


0:01 of 1st period - Brock Knuckledunker wins face-off versus Mika Zibanejad in neutral zone.
1:01 of 1st period - Icing by Adrian Kempe.
1:02 of 1st period - Nicolas Roy wins face-off versus Anze Kopitar in Mariners zone.
1:09 of 1st period - Logan Stanley is hit by Nicolas Roy and loses puck.
2:11 of 1st period - Shot by Lucas Raymond.
2:11 of 1st period - Shot Misses the Net.
2:13 of 1st period - Shot by Robert Thomas.
2:13 of 1st period - Shot Blocked by Brandon Montour.
2:15 of 1st period - Shot by Lawson Crouse.
2:15 of 1st period - Shot Misses the Net.
2:17 of 1st period - Shot by Cam Fowler.
2:17 of 1st period - Shot Blocked by James van Riemsdyk.
2:19 of 1st period - Shot by Robert Thomas.
2:19 of 1st period - Shot Misses the Net.
3:01 of 1st period - Shot by Nicholas Paul.
3:01 of 1st period - Shot Blocked by Jeremy Lauzon.
3:03 of 1st period - Shot by Nicholas Paul.
3:03 of 1st period - Shot Misses the Net.
3:18 of 1st period - Shot by Mika Zibanejad.
3:18 of 1st period - Deflect By Nicholas Paul.
3:18 of 1st period - Stopped by Logan Thompson without a rebound.
3:19 of 1st period - Anze Kopitar wins face-off versus Brock Knuckledunker in Warheads zone.
3:22 of 1st period - Shot by Jeff Skinner.
3:22 of 1st period - Stopped by Logan Thompson without a rebound.
3:23 of 1st period - Anze Kopitar wins face-off versus Nicolas Roy in Warheads zone.
3:32 of 1st period - Shot by Anze Kopitar.
3:32 of 1st period - Shot Misses the Net.
3:34 of 1st period - Shot by Nikita Zaitsev.
3:34 of 1st period - Stopped by Logan Thompson without a rebound.
3:35 of 1st period - Lawson Crouse wins face-off versus Mika Zibanejad in Warheads zone.
4:16 of 1st period - Shot by Mika Zibanejad.
4:16 of 1st period - Stopped by Logan Thompson with a rebound.
5:24 of 1st period - Shot by Mats Zuccarello.
5:24 of 1st period - Shot Blocked by Jack McBain.
5:26 of 1st period - Shot by Brady Skjei.
5:26 of 1st period - Shot Misses the Net.
5:28 of 1st period - Shot by Filip Chytil.
5:28 of 1st period - Shot Misses the Net.
5:43 of 1st period - Icing by Brock Knuckledunker.
5:44 of 1st period - Brock Knuckledunker wins face-off versus Nicholas Paul in Warheads zone.
5:50 of 1st period - Off-side.
5:51 of 1st period - Nicolas Roy wins face-off versus Nicholas Paul in neutral zone.
6:52 of 1st period - Timothy Liljegren is hit by Anze Kopitar and loses puck.
6:59 of 1st period - Shot by Anze Kopitar.
6:59 of 1st period - Shot Misses the Net.
7:07 of 1st period - Shot by Jeff Skinner.
7:07 of 1st period - Stopped by Logan Thompson without a rebound.
7:08 of 1st period - Robert Thomas wins face-off versus Filip Chytil in Warheads zone.
7:39 of 1st period - Shot by James van Riemsdyk.
7:39 of 1st period - Goal by James van Riemsdyk - Mariners : 1 - Warheads : 0.
7:40 of 1st period - Anze Kopitar wins face-off versus Andrew Copp in neutral zone.
7:47 of 1st period - Shot by Anze Kopitar.
7:47 of 1st period - Stopped by Logan Thompson without a rebound.
7:48 of 1st period - Andrew Copp wins face-off versus Mika Zibanejad in Warheads zone.
7:48 of 1st period - Mitchell Marner is hit by Ricky Cumalot.
7:56 of 1st period - Icing by Ryan Graves.
7:57 of 1st period - Mika Zibanejad wins face-off versus Brock Knuckledunker in Mariners zone.
8:35 of 1st period - Brock Knuckledunker is hit by Marc Staal and loses puck.
8:38 of 1st period - Shot by Mitchell Marner.
8:38 of 1st period - Shot Misses the Net.
9:40 of 1st period - Shot by Jeff Skinner.
9:40 of 1st period - Shot Hit the Post.
9:42 of 1st period - Shot by Adrian Kempe.
9:42 of 1st period - Stopped by Logan Thompson without a rebound.
9:43 of 1st period - Nicolas Roy wins face-off versus Anze Kopitar in Warheads zone.
9:43 of 1st period - Nicolas Roy is hit by Adrian Kempe.
9:49 of 1st period - Shot by Lukas Reichel.
9:49 of 1st period - Shot Misses the Net.
9:59 of 1st period - Shot by Ilya Mikheyev.
9:59 of 1st period - Shot Misses the Net.
10:09 of 1st period - Shot by Adrian Kempe.
10:09 of 1st period - Shot Misses the Net.
10:13 of 1st period - Shot by Adrian Kempe.
10:13 of 1st period - Shot Blocked by Lukas Reichel.
10:15 of 1st period - Shot by Brandon Montour.
10:15 of 1st period - Shot Hit the Post.
10:17 of 1st period - Shot by Anze Kopitar.
10:17 of 1st period - Stopped by Logan Thompson without a rebound.
10:18 of 1st period - Nicholas Paul wins face-off versus Jeff Carter in Warheads zone.
10:20 of 1st period - Mika Zibanejad is hit by John Marino and loses puck.
10:28 of 1st period - Icing by Cam Fowler.
10:29 of 1st period - Jeff Carter wins face-off versus James van Riemsdyk in Warheads zone.
10:44 of 1st period - Shot by Jeff Carter.
10:44 of 1st period - Stopped by Anton Forsberg with a rebound.
10:56 of 1st period - Shot by Mitchell Marner.
10:56 of 1st period - Stopped by Anton Forsberg with a rebound.
11:40 of 1st period - Shot by Patrik Laine.
11:40 of 1st period - Shot Misses the Net.
11:42 of 1st period - Shot by Ryan Graves.
11:42 of 1st period - Stopped by Logan Thompson without a rebound.
11:43 of 1st period - Robert Thomas wins face-off versus Anze Kopitar in Warheads zone.
11:54 of 1st period - Shot by Adrian Kempe.
11:54 of 1st period - The goal is going for a video replay.
11:54 of 1st period - The goal is refused.
11:55 of 1st period - Brock Knuckledunker wins face-off versus Mika Zibanejad in Warheads zone.
12:41 of 1st period - Mika Zibanejad is hit by Lucas Raymond.
12:53 of 1st period - Shot by Lawson Crouse.
12:53 of 1st period - Shot Misses the Net.
12:55 of 1st period - Shot by Jeremy Lauzon.
12:55 of 1st period - Stopped by Anton Forsberg with a rebound.
12:57 of 1st period - Shot by Lawson Crouse.
12:57 of 1st period - Goal by Lawson Crouse - Mariners : 1 - Warheads : 1.
12:58 of 1st period - Nicolas Roy wins face-off versus Filip Chytil in neutral zone.
13:22 of 1st period - Ilya Mikheyev is hit by Brady Skjei and loses puck.
13:35 of 1st period - Icing by Cam Fowler.
13:36 of 1st period - Nicolas Roy wins face-off versus Anze Kopitar in Warheads zone.
14:05 of 1st period - Icing by Cam Fowler.
14:06 of 1st period - Nicolas Roy wins face-off versus Nicholas Paul in Warheads zone.
14:08 of 1st period - Icing by Cam Fowler.
14:09 of 1st period - Nicolas Roy wins face-off versus Nicholas Paul in Warheads zone.
14:09 of 1st period - Nicolas Roy is hit by Nicholas Paul.
14:28 of 1st period - Jeremy Lauzon is hit by Jonatan Berggren and loses puck.
14:46 of 1st period - Icing by Ethan Bear.
14:47 of 1st period - Nicholas Paul wins face-off versus Robert Thomas in Mariners zone.
15:16 of 1st period - Shot by Lawson Crouse.
15:16 of 1st period - Deflect By Lucas Raymond.
15:16 of 1st period - Stopped by Anton Forsberg without a rebound.
15:17 of 1st period - Anze Kopitar wins face-off versus Jeff Carter in Mariners zone.
16:18 of 1st period - Icing by Lukas Reichel.
16:19 of 1st period - Nicolas Roy wins face-off versus Filip Chytil in Warheads zone.
16:19 of 1st period - Nicolas Roy is hit by Mats Zuccarello.
16:53 of 1st period - Shot by Mats Zuccarello.
16:53 of 1st period - Stopped by Logan Thompson with a rebound.
17:25 of 1st period - Shot by Lucas Raymond.
17:25 of 1st period - Deflect By Robert Thomas.
17:25 of 1st period - Stopped by Anton Forsberg without a rebound.
17:26 of 1st period - Brock Knuckledunker wins face-off versus Nicholas Paul in Mariners zone.
17:28 of 1st period - Mitchell Marner is hit by Ryan Graves and loses puck.
17:32 of 1st period - Mitchell Marner is hit by Ethan Bear and loses puck.
18:04 of 1st period - Shot by Brock Knuckledunker.
18:04 of 1st period - Stopped by Anton Forsberg with a rebound.
18:06 of 1st period - Shot by Mitchell Marner.
18:06 of 1st period - Stopped by Anton Forsberg with a rebound.
18:32 of 1st period - Shot by Lucas Raymond.
18:32 of 1st period - Stopped by Anton Forsberg without a rebound.
18:33 of 1st period - Nicolas Roy wins face-off versus Anze Kopitar in Mariners zone.
19:20 of 1st period - Off-side.
19:21 of 1st period - Filip Chytil wins face-off versus Jeff Carter in neutral zone.
Goals for this period are 1 for Mariners vs 1 for Warheads.
Shots for this period are 12 for Mariners vs 9 for Warheads.

2nd period


0:01 of 2nd period - Patrik Laine wins face-off versus Brock Knuckledunker in neutral zone.
0:16 of 2nd period - Shot by Brock Knuckledunker.
0:16 of 2nd period - Shot Misses the Net.
0:18 of 2nd period - Shot by Jack McBain.
0:18 of 2nd period - Stopped by Anton Forsberg with a rebound.
0:20 of 2nd period - Shot by Mitchell Marner.
0:20 of 2nd period - Stopped by Anton Forsberg without a rebound.
0:21 of 2nd period - Anze Kopitar wins face-off versus Robert Thomas in Mariners zone.
0:31 of 2nd period - Icing by Anze Kopitar.
0:32 of 2nd period - Anze Kopitar wins face-off versus Brock Knuckledunker in Mariners zone.
0:32 of 2nd period - Adrian Kempe is hit by Jack McBain and loses puck.
1:06 of 2nd period - Shot by Brock Knuckledunker.
1:06 of 2nd period - Stopped by Anton Forsberg without a rebound.
1:07 of 2nd period - Robert Thomas wins face-off versus Mika Zibanejad in Mariners zone.
1:08 of 2nd period - Shot by Lawson Crouse.
1:08 of 2nd period - Deflect By Robert Thomas.
1:08 of 2nd period - Shot Misses the Net.
1:24 of 2nd period - Shot by Robert Thomas.
1:24 of 2nd period - Shot Blocked by Ryan Graves.
2:09 of 2nd period - Jeff Carter is hit by Nikita Zaitsev and loses puck.
2:39 of 2nd period - Shot by Mitchell Marner.
2:39 of 2nd period - Stopped by Anton Forsberg without a rebound.
2:40 of 2nd period - Anze Kopitar wins face-off versus Nicolas Roy in Mariners zone.
3:01 of 2nd period - Shot by Nicolas Roy.
3:01 of 2nd period - Deflect By Ilya Mikheyev.
3:01 of 2nd period - Stopped by Anton Forsberg with a rebound.
3:19 of 2nd period - Shot by Anze Kopitar.
3:19 of 2nd period - Shot Misses the Net.
3:37 of 2nd period - Damon Severson is hit by Ricky Cumalot and loses puck.
3:50 of 2nd period - Shot by Patrik Laine.
3:50 of 2nd period - Stopped by Logan Thompson without a rebound.
3:51 of 2nd period - Filip Chytil wins face-off versus Brock Knuckledunker in Warheads zone.
4:07 of 2nd period - Shot by Mats Zuccarello.
4:07 of 2nd period - Deflect By James van Riemsdyk.
4:07 of 2nd period - Stopped by Logan Thompson without a rebound.
4:08 of 2nd period - Mika Zibanejad wins face-off versus Robert Thomas in Warheads zone.
4:09 of 2nd period - Shot by Ricky Cumalot.
4:09 of 2nd period - Shot Blocked by Cam Fowler.
4:19 of 2nd period - Shot by Patrik Laine.
4:19 of 2nd period - Stopped by Logan Thompson without a rebound.
4:20 of 2nd period - Brock Knuckledunker wins face-off versus Anze Kopitar in Warheads zone.
4:20 of 2nd period - Brock Knuckledunker is hit by Adrian Kempe.
4:30 of 2nd period - Shot by Jeff Skinner.
4:30 of 2nd period - Stopped by Logan Thompson without a rebound.
4:31 of 2nd period - Mika Zibanejad wins face-off versus Robert Thomas in Warheads zone.
4:50 of 2nd period - Shot by Lawson Crouse.
4:50 of 2nd period - Stopped by Anton Forsberg without a rebound.
4:51 of 2nd period - Anze Kopitar wins face-off versus Brock Knuckledunker in Mariners zone.
5:00 of 2nd period - Shot by Anze Kopitar.
5:00 of 2nd period - Shot Misses the Net.
6:56 of 2nd period - Marc Staal is hit by Lukas Reichel and loses puck.
7:24 of 2nd period - Off-side.
7:25 of 2nd period - Anze Kopitar wins face-off versus Brock Knuckledunker in neutral zone.
7:38 of 2nd period - Shot by Jack McBain.
7:38 of 2nd period - Shot Misses the Net.
7:40 of 2nd period - Shot by Brock Knuckledunker.
7:40 of 2nd period - Shot Misses the Net.
7:42 of 2nd period - Shot by Jake Walman.
7:42 of 2nd period - Stopped by Anton Forsberg without a rebound.
7:43 of 2nd period - Jeff Carter wins face-off versus Filip Chytil in Mariners zone.
8:16 of 2nd period - Icing by Nikita Zaitsev.
8:17 of 2nd period - Filip Chytil wins face-off versus Robert Thomas in Mariners zone.
8:24 of 2nd period - Lawson Crouse is hit by Mats Zuccarello and loses puck.
9:04 of 2nd period - Icing by Anze Kopitar.
9:05 of 2nd period - Anze Kopitar wins face-off versus Mitchell Marner in Mariners zone.
9:18 of 2nd period - Shot by Anze Kopitar.
9:18 of 2nd period - Shot Blocked by Cam Fowler.
10:22 of 2nd period - Shot by Mika Zibanejad.
10:22 of 2nd period - Stopped by Logan Thompson without a rebound.
10:23 of 2nd period - Lawson Crouse wins face-off versus James van Riemsdyk in Warheads zone.
10:30 of 2nd period - Shot by Robert Thomas.
10:30 of 2nd period - Shot Misses the Net.
11:30 of 2nd period - Shot by Nicolas Roy.
11:30 of 2nd period - Deflect By Ilya Mikheyev.
11:30 of 2nd period - Stopped by Anton Forsberg without a rebound.
11:31 of 2nd period - Patrik Laine wins face-off versus Jeff Carter in Mariners zone.
11:48 of 2nd period - Shot by Ricky Cumalot.
11:48 of 2nd period - Shot Blocked by Mitchell Marner.
12:01 of 2nd period - Shot by John Marino.
12:01 of 2nd period - Shot Misses the Net.
12:20 of 2nd period - Icing by Cam Fowler.
12:21 of 2nd period - Anze Kopitar wins face-off versus Jeff Carter in Warheads zone.
12:28 of 2nd period - Shot by Anze Kopitar.
12:28 of 2nd period - Shot Misses the Net.
13:02 of 2nd period - Shot by Adrian Kempe.
13:02 of 2nd period - Stopped by Logan Thompson with a rebound.
13:25 of 2nd period - Adrian Kempe is hit by Lucas Raymond and loses puck.
13:52 of 2nd period - Shot by Nicolas Roy.
13:52 of 2nd period - Shot Misses the Net.
13:54 of 2nd period - Shot by Nicolas Roy.
13:54 of 2nd period - Shot Misses the Net.
13:56 of 2nd period - Shot by Nicolas Roy.
13:56 of 2nd period - Shot Misses the Net.
14:06 of 2nd period - Shot by Nicolas Roy.
14:06 of 2nd period - Shot Blocked by Brady Skjei.
14:08 of 2nd period - Shot by Lukas Reichel.
14:08 of 2nd period - Shot Misses the Net.
15:15 of 2nd period - Shot by Jeff Carter.
15:15 of 2nd period - Shot Misses the Net.
15:17 of 2nd period - Shot by Jeremy Lauzon.
15:17 of 2nd period - Shot Blocked by Ryan Graves.
15:53 of 2nd period - Shot by Mats Zuccarello.
15:53 of 2nd period - Shot Hit the Post.
15:55 of 2nd period - Shot by James van Riemsdyk.
15:55 of 2nd period - Shot Misses the Net.
16:50 of 2nd period - Off-side.
16:51 of 2nd period - Jeff Carter wins face-off versus Mika Zibanejad in neutral zone.
16:55 of 2nd period - Icing by Ryan Graves.
16:56 of 2nd period - Nicolas Roy wins face-off versus Mika Zibanejad in Mariners zone.
16:59 of 2nd period - Shot by Ilya Mikheyev.
16:59 of 2nd period - Shot Misses the Net.
17:02 of 2nd period - Icing by Marc Staal.
17:03 of 2nd period - Mika Zibanejad wins face-off versus Brock Knuckledunker in Mariners zone.
17:20 of 2nd period - Shot by Mika Zibanejad.
17:20 of 2nd period - Shot Blocked by Mitchell Marner.
17:37 of 2nd period - Off-side.
17:38 of 2nd period - Anze Kopitar wins face-off versus Nicolas Roy in neutral zone.
17:43 of 2nd period - Shot by Jeff Skinner.
17:43 of 2nd period - Shot Misses the Net.
17:55 of 2nd period - Shot by Adrian Kempe.
17:55 of 2nd period - Shot Misses the Net.
18:01 of 2nd period - Anze Kopitar is hit by Nicolas Roy and loses puck.
18:15 of 2nd period - Ilya Mikheyev is hit by Brandon Montour and loses puck.
18:40 of 2nd period - Shot by Lawson Crouse.
18:40 of 2nd period - Shot Misses the Net.
18:52 of 2nd period - Shot by Lawson Crouse.
18:52 of 2nd period - Shot Misses the Net.
18:54 of 2nd period - Shot by Jake Walman.
18:54 of 2nd period - Stopped by Anton Forsberg with a rebound.
19:29 of 2nd period - Shot by Mitchell Marner.
19:29 of 2nd period - Stopped by Anton Forsberg without a rebound.
19:30 of 2nd period - Jeff Carter wins face-off versus Mika Zibanejad in Mariners zone.
19:51 of 2nd period - Mika Zibanejad is hit by Jeremy Lauzon and loses puck.
Goals for this period are 0 for Mariners vs 0 for Warheads.
Shots for this period are 6 for Mariners vs 10 for Warheads.

3rd period


0:01 of 3rd period - Mika Zibanejad wins face-off versus Jack McBain in neutral zone.
0:14 of 3rd period - Shot by Jack McBain.
0:14 of 3rd period - Shot Misses the Net.
0:20 of 3rd period - Shot by Mitchell Marner.
0:20 of 3rd period - Stopped by Anton Forsberg without a rebound.
0:21 of 3rd period - James van Riemsdyk wins face-off versus Nicolas Roy in Mariners zone.
0:46 of 3rd period - Shot by Mats Zuccarello.
0:46 of 3rd period - Shot Misses the Net.
1:01 of 3rd period - Shot by Nicolas Roy.
1:01 of 3rd period - Shot Blocked by Nikita Zaitsev.
1:12 of 3rd period - Mats Zuccarello is hit by Jacob Middleton.
1:22 of 3rd period - Shot by Brock Knuckledunker.
1:22 of 3rd period - Shot Misses the Net.
1:47 of 3rd period - Mika Zibanejad is hit by Jacob Middleton.
1:55 of 3rd period - Shot by Ricky Cumalot.
1:55 of 3rd period - Shot Misses the Net.
2:00 of 3rd period - Ricky Cumalot is hit by Jeremy Lauzon and loses puck.
3:28 of 3rd period - Icing by Cam Fowler.
3:29 of 3rd period - Robert Thomas wins face-off versus Filip Chytil in Warheads zone.
4:00 of 3rd period - Shot by Mats Zuccarello.
4:00 of 3rd period - Shot Misses the Net.
4:02 of 3rd period - Shot by Nikita Zaitsev.
4:02 of 3rd period - Deflect By Filip Chytil.
4:02 of 3rd period - Stopped by Logan Thompson without a rebound.
4:03 of 3rd period - Nicolas Roy wins face-off versus Anze Kopitar in Warheads zone.
4:03 of 3rd period - Nicolas Roy is hit by Adrian Kempe.
4:06 of 3rd period - Ilya Mikheyev is hit by Adrian Kempe and loses puck.
4:14 of 3rd period - Shot by Nicolas Roy.
4:14 of 3rd period - Shot Blocked by Brady Skjei.
4:16 of 3rd period - Shot by Timothy Liljegren.
4:16 of 3rd period - Stopped by Anton Forsberg without a rebound.
4:17 of 3rd period - Mika Zibanejad wins face-off versus Jack McBain in Mariners zone.
4:24 of 3rd period - Minor Penalty to Brandon Montour for Tripping.
4:25 of 3rd period - Brock Knuckledunker wins face-off versus Mika Zibanejad in Mariners zone.
4:30 of 3rd period - Shot by Mitchell Marner.
4:30 of 3rd period - Stopped by Anton Forsberg without a rebound.
4:31 of 3rd period - Mika Zibanejad wins face-off versus Brock Knuckledunker in Mariners zone.
5:07 of 3rd period - Shot by Jeremy Lauzon.
5:07 of 3rd period - Stopped by Anton Forsberg without a rebound.
5:08 of 3rd period - Anze Kopitar wins face-off versus Robert Thomas in Mariners zone.
5:37 of 3rd period - Icing by Lawson Crouse.
5:38 of 3rd period - Robert Thomas wins face-off versus Mika Zibanejad in Warheads zone.
5:59 of 3rd period - Shot by Ricky Cumalot.
5:59 of 3rd period - Stopped by Logan Thompson with a rebound.
6:13 of 3rd period - Shot by Jeremy Lauzon.
6:13 of 3rd period - Shot Misses the Net.
6:15 of 3rd period - Shot by Jacob Middleton.
6:15 of 3rd period - Shot Blocked by Ryan Graves.
6:17 of 3rd period - Shot by Mitchell Marner.
6:17 of 3rd period - Shot Misses the Net.
6:23 of 3rd period - Shot by Mitchell Marner.
6:23 of 3rd period - Goal by Mitchell Marner - Mariners : 1 - Warheads : 2.
6:24 of 3rd period - Nicolas Roy wins face-off versus Filip Chytil in neutral zone.
6:34 of 3rd period - Shot by Mats Zuccarello.
6:34 of 3rd period - Shot Blocked by Jake Walman.
6:36 of 3rd period - Shot by Mats Zuccarello.
6:36 of 3rd period - Stopped by Logan Thompson without a rebound.
6:37 of 3rd period - Jeff Carter wins face-off versus Anze Kopitar in Warheads zone.
6:37 of 3rd period - Jeff Carter is hit by Adrian Kempe.
6:50 of 3rd period - Jeff Carter is hit by Logan Stanley and loses puck.
7:01 of 3rd period - Shot by Mitchell Marner.
7:01 of 3rd period - Stopped by Anton Forsberg with a rebound.
7:03 of 3rd period - Shot by Jeff Carter.
7:03 of 3rd period - Stopped by Anton Forsberg without a rebound.
7:04 of 3rd period - Filip Chytil wins face-off versus Nicolas Roy in Mariners zone.
7:51 of 3rd period - Icing by Jeremy Lauzon.
7:52 of 3rd period - Lukas Reichel wins face-off versus Mika Zibanejad in Warheads zone.
8:26 of 3rd period - Off-side.
8:27 of 3rd period - Robert Thomas wins face-off versus Anze Kopitar in neutral zone.
8:31 of 3rd period - Minor Penalty to Brandon Montour for Tripping.
8:32 of 3rd period - Robert Thomas wins face-off versus Mika Zibanejad in Mariners zone.
8:32 of 3rd period - Lucas Raymond is hit by Marc Staal and loses puck.
8:55 of 3rd period - Shot by Lawson Crouse.
8:55 of 3rd period - Shot Misses the Net.
9:58 of 3rd period - Icing by Jacob Middleton.
9:59 of 3rd period - Brock Knuckledunker wins face-off versus Mika Zibanejad in Warheads zone.
10:42 of 3rd period - Shot by Nicolas Roy.
10:42 of 3rd period - Shot Blocked by Brandon Montour.
10:44 of 3rd period - Shot by Timothy Liljegren.
10:44 of 3rd period - Goal by Timothy Liljegren - Mariners : 1 - Warheads : 3.
10:45 of 3rd period - Anze Kopitar wins face-off versus Jeff Carter in neutral zone.
10:57 of 3rd period - Minor Penalty to Anze Kopitar for Slashing.
10:58 of 3rd period - Robert Thomas wins face-off versus Mika Zibanejad in Mariners zone.
10:58 of 3rd period - Robert Thomas is hit by Ryan Graves.
11:04 of 3rd period - Shot by Robert Thomas.
11:04 of 3rd period - Stopped by Anton Forsberg without a rebound.
11:05 of 3rd period - Mika Zibanejad wins face-off versus Brock Knuckledunker in Mariners zone.
11:22 of 3rd period - Shot by Mitchell Marner.
11:22 of 3rd period - Shot Misses the Net.
11:24 of 3rd period - Shot by Mitchell Marner.
11:24 of 3rd period - Stopped by Anton Forsberg without a rebound.
11:25 of 3rd period - Robert Thomas wins face-off versus Mika Zibanejad in Mariners zone.
11:42 of 3rd period - Shot by Lucas Raymond.
11:42 of 3rd period - Shot Misses the Net.
12:00 of 3rd period - Shot by Robert Thomas.
12:00 of 3rd period - Shot Misses the Net.
12:38 of 3rd period - Shot by Brock Knuckledunker.
12:38 of 3rd period - Shot Misses the Net.
12:42 of 3rd period - Shot by Brock Knuckledunker.
12:42 of 3rd period - Shot Misses the Net.
13:15 of 3rd period - Icing by Brady Skjei.
13:16 of 3rd period - Jeff Carter wins face-off versus Filip Chytil in Mariners zone.
13:39 of 3rd period - Shot by Mitchell Marner.
13:39 of 3rd period - Shot Misses the Net.
13:54 of 3rd period - Icing by Cam Fowler.
13:55 of 3rd period - Patrik Laine wins face-off versus Jeff Carter in Warheads zone.
13:58 of 3rd period - Shot by Mika Zibanejad.
13:58 of 3rd period - Shot Misses the Net.
14:04 of 3rd period - Shot by Mika Zibanejad.
14:04 of 3rd period - Shot Hit the Post.
14:06 of 3rd period - Shot by Ryan Graves.
14:06 of 3rd period - Shot Misses the Net.
14:14 of 3rd period - Andrew Copp is hit by Ricky Cumalot and loses puck.
14:27 of 3rd period - Shot by Ricky Cumalot.
14:27 of 3rd period - Shot Blocked by John Marino.
14:31 of 3rd period - Shot by Mika Zibanejad.
14:31 of 3rd period - Shot Misses the Net.
14:33 of 3rd period - Shot by Mika Zibanejad.
14:33 of 3rd period - Stopped by Logan Thompson without a rebound.
14:34 of 3rd period - Robert Thomas wins face-off versus Jeff Skinner in Warheads zone.
14:36 of 3rd period - Icing by Lawson Crouse.
14:37 of 3rd period - Anze Kopitar wins face-off versus Robert Thomas in Warheads zone.
14:51 of 3rd period - Icing by Jeremy Lauzon.
14:52 of 3rd period - Filip Chytil wins face-off versus Robert Thomas in Warheads zone.
14:55 of 3rd period - Shot by Ryan Graves.
14:55 of 3rd period - Shot Misses the Net.
15:13 of 3rd period - Shot by Mats Zuccarello.
15:13 of 3rd period - Stopped by Logan Thompson without a rebound.
15:14 of 3rd period - Mika Zibanejad wins face-off versus Nicolas Roy in Warheads zone.
15:17 of 3rd period - Shot by Ricky Cumalot.
15:17 of 3rd period - Shot Misses the Net.
16:08 of 3rd period - Jacob Middleton is hit by Ricky Cumalot and loses puck.
16:51 of 3rd period - Shot by Jeff Skinner.
16:51 of 3rd period - Stopped by Logan Thompson with a rebound.
16:53 of 3rd period - Shot by Marc Staal.
16:53 of 3rd period - Stopped by Logan Thompson without a rebound.
16:54 of 3rd period - Brock Knuckledunker wins face-off versus Mats Zuccarello in Warheads zone.
17:09 of 3rd period - Shot by Mitchell Marner.
17:09 of 3rd period - Stopped by Anton Forsberg with a rebound.
17:11 of 3rd period - Shot by Mitchell Marner.
17:11 of 3rd period - Deflect By Brock Knuckledunker.
17:11 of 3rd period - Stopped by Anton Forsberg with a rebound.
17:35 of 3rd period - Brandon Montour is hit by John Marino and loses puck.
18:29 of 3rd period - Shot by Adrian Kempe.
18:29 of 3rd period - Stopped by Logan Thompson with a rebound.
18:31 of 3rd period - Shot by Adrian Kempe.
18:31 of 3rd period - Shot Blocked by Jake Walman.
18:33 of 3rd period - Shot by Ryan Graves.
18:33 of 3rd period - Goal by Ryan Graves - Mariners : 2 - Warheads : 3.
18:34 of 3rd period - Mika Zibanejad wins face-off versus Lucas Raymond in neutral zone.
18:50 of 3rd period - Nicholas Paul is hit by Lawson Crouse.
18:54 of 3rd period - Mariners, Anton Forsberg is pulled from the net.
18:56 of 3rd period - Shot by Mika Zibanejad.
18:56 of 3rd period - Stopped by Logan Thompson without a rebound.
18:57 of 3rd period - Jeff Carter wins face-off versus Anze Kopitar in Warheads zone.
18:57 of 3rd period - Mitchell Marner is hit by Adrian Kempe and loses puck.
19:12 of 3rd period - Shot by Adrian Kempe.
19:12 of 3rd period - Shot Misses the Net.
19:14 of 3rd period - Shot by Logan Stanley.
19:14 of 3rd period - Shot Blocked by Mitchell Marner.
19:16 of 3rd period - Shot by Logan Stanley.
19:16 of 3rd period - Shot Misses the Net.
19:18 of 3rd period - Shot by Anze Kopitar.
19:18 of 3rd period - Shot Misses the Net.
19:20 of 3rd period - Shot by Anze Kopitar.
19:20 of 3rd period - Stopped by Logan Thompson without a rebound.
19:21 of 3rd period - Mika Zibanejad wins face-off versus Brock Knuckledunker in Warheads zone.
Goals for this period are 1 for Mariners vs 2 for Warheads.
Shots for this period are 11 for Mariners vs 12 for Warheads.